3A
MT. VERNON BULLS @ HOGSMEADE CAULDRONS
05/17/2033
 
TOP OF THE 1ST
Mt. Vernon Bulls batting - Pitching for Hogsmeade Cauldrons : RHP Alfredo Rodríguez
Pitching: RHP Alfredo Rodríguez
Batting: RHB Alfonso Torres 0-0: Ball
1-0: Ball
2-0: Ground out 1-3 (Groundball, 15S)
Batting: RHB Ramón Robles 0-0: Called Strike
0-1: Fly out, F7 (Flyball, 7LM)
Batting: RHB Tom Bancroft 0-0: Ball
1-0: Foul Ball, location: 2F
1-1: Ball
2-1: Swinging Strike
2-2: Ball
3-2: Strikes out swinging
Top of the 1st over - 0 runs, 0 hits, 0 errors, 0 left on base; Mt. Vernon 0 - Hogsmeade 0
BOTTOM OF THE 1ST
Hogsmeade Cauldrons batting - Pitching for Mt. Vernon Bulls : RHP Sam White
Pitching: RHP Sam White
Batting: RHB Pablo Ortíz 0-0: Ball
1-0: Ball
2-0: Ball
3-0: Called Strike
3-1: Called Strike
3-2: Foul Ball, location: 2F
3-2: Base on Balls
Batting: SHB Max Bortenschlager 0-0: Foul Ball, location: 2F
0-1: Ball
1-1: SINGLE (Groundball, 6D)
Pablo Ortíz to second
Batting: LHB Bill Gracián 0-0: Ball
1-0: Called Strike
1-1: Foul Ball, location: 2F
1-2: Ball
2-2: TRIPLE (Flyball, 78XD)
Pablo Ortíz scores
Max Bortenschlager scores
Batting: RHB Luis Tańón 0-0: Ball
1-0: Ball
2-0: Ground out 6-3 (Groundball, 6D)
Bill Gracián scores
Batting: SHB Manny López 0-0: Ball
1-0: Ball
2-0: Ball
3-0: Called Strike
3-1: Foul Ball, location: 2F
3-2: Foul Ball, location: 2F
3-2: Base on Balls
Batting: LHB Ewan Manshert 0-0: Called Strike
0-1: Swinging Strike
0-2: Hit by Pitch
Manny López to second
Batting: RHB Conor Gallon 0-0: Swinging Strike
0-1: Fly out, F7 (Flyball, 7LMF)
Batting: RHB Jimmy Robinson 0-0: Called Strike
0-1: Ball
1-1: Foul Ball, location: 2F
1-2: Ball
2-2: Ball
3-2: Ground out 5-3 (Groundball, 5L)
Bottom of the 1st over - 3 runs, 2 hits, 0 errors, 2 left on base; Mt. Vernon 0 - Hogsmeade 3
TOP OF THE 2ND
Mt. Vernon Bulls batting - Pitching for Hogsmeade Cauldrons : RHP Alfredo Rodríguez
Batting: LHB Rich Watkins 0-0: Foul Ball, location: 2F
0-1: Foul Ball, location: 2F
0-2: Ball
1-2: Ball
2-2: Ball
3-2: Fly out, F9 (Flyball, 89M)
Batting: RHB Silverberry Mouhon 0-0: Foul Ball, location: 2F
0-1: Ball
1-1: Ball
2-1: Swinging Strike
2-2: Ball
3-2: Foul Ball, location: 2F
3-2: Base on Balls
Batting: LHB Tomás Muinos 0-0: Called Strike
0-1: Ball
1-1: Called Strike
1-2: Strikes out swinging
Batting: SHB Zak Martin 0-0: Called Strike
0-1: Ball
1-1: Ball
2-1: Ball
3-1: Base on Balls
Silverberry Mouhon to second
Batting: RHB Bailey Gribbins 0-0: Hit by Pitch
Silverberry Mouhon to third
Zak Martin to second
Batting: RHB Kamakakoa Kaponianani 0-0: Called Strike
0-1: Called Strike
0-2: Ball
1-2: Ground out 4-3 (Groundball, 6M)
Top of the 2nd over - 0 runs, 0 hits, 0 errors, 3 left on base; Mt. Vernon 0 - Hogsmeade 3
BOTTOM OF THE 2ND
Hogsmeade Cauldrons batting - Pitching for Mt. Vernon Bulls : RHP Sam White
Batting: RHB Héctor Dávila 0-0: Swinging Strike
0-1: Foul Ball, location: 2F
0-2: Ball
1-2: Strikes out swinging
Batting: RHB Pablo Ortíz 0-0: SINGLE (Line Drive, 56D)
Batting: SHB Max Bortenschlager 0-0: Foul Ball, location: 2F
0-1: Foul Ball, location: 2F
0-2: Foul Ball, location: 2F
0-2: Foul Ball, location: 2F
0-2: Ball
Pablo Ortíz steals 2nd base
1-2: Strikes out looking
Batting: LHB Bill Gracián 0-0: Called Strike
0-1: Ball
1-1: Called Strike
1-2: Strikes out swinging
Bottom of the 2nd over - 0 runs, 1 hit, 0 errors, 1 left on base; Mt. Vernon 0 - Hogsmeade 3
TOP OF THE 3RD
Mt. Vernon Bulls batting - Pitching for Hogsmeade Cauldrons : RHP Alfredo Rodríguez
Batting: RHB Alfonso Torres 0-0: SINGLE (Line Drive, 8LS)
Batting: RHB Ramón Robles 0-0: 2-RUN HOME RUN (Flyball, 78XD), Distance : 435 ft
Batting: RHB Tom Bancroft 0-0: Ball
1-0: Called Strike
1-1: Swinging Strike
1-2: Ball
2-2: SINGLE (Groundball, 6MD)
Batting: LHB Rich Watkins 0-0: Called Strike
0-1: Swinging Strike
0-2: Strikes out looking
Batting: RHB Silverberry Mouhon 0-0: Ball
1-0: Called Strike
1-1: 2-RUN HOME RUN (Flyball, 7LD), Distance : 361 ft
Batting: LHB Tomás Muinos 0-0: Ball
1-0: Called Strike
1-1: Called Strike
1-2: Foul Ball, location: 2F
1-2: Strikes out swinging
Batting: SHB Zak Martin 0-0: Called Strike
0-1: Foul Ball, location: 2F
0-2: Ball
1-2: Ball
2-2: Ball
3-2: SINGLE (Flyball, 89M)
Batting: RHB Bailey Gribbins 0-0: Ball
1-0: Ball
2-0: Called Strike
2-1: Fielders Choice at 2nd, 6-4 (Groundball, 56)
Top of the 3rd over - 4 runs, 5 hits, 0 errors, 1 left on base; Mt. Vernon 4 - Hogsmeade 3
BOTTOM OF THE 3RD
Hogsmeade Cauldrons batting - Pitching for Mt. Vernon Bulls : RHP Sam White
Batting: RHB Luis Tańón 0-0: Ball
1-0: Called Strike
1-1: Ball
2-1: Called Strike
2-2: Ground out 6-3 (Groundball, 6S)
Batting: SHB Manny López 0-0: Called Strike
0-1: Ball
1-1: Foul Ball, location: 2F
1-2: Strikes out swinging
Batting: LHB Ewan Manshert 0-0: Foul Ball, location: 2F
0-1: Foul Ball, location: 2F
0-2: Ball
1-2: Strikes out swinging
Bottom of the 3rd over - 0 runs, 0 hits, 0 errors, 0 left on base; Mt. Vernon 4 - Hogsmeade 3
TOP OF THE 4TH
Mt. Vernon Bulls batting - Pitching for Hogsmeade Cauldrons : RHP Alfredo Rodríguez
Batting: RHB Kamakakoa Kaponianani 0-0: SINGLE (Flyball, 7LS)
Batting: RHB Alfonso Torres 0-0: SINGLE (Groundball, 25) (infield hit)
Kamakakoa Kaponianani to second
Batting: RHB Ramón Robles 0-0: Called Strike
0-1: Ball
1-1: SINGLE (Groundball, 34S) (infield hit)
Kamakakoa Kaponianani to third
Alfonso Torres to second
Batting: RHB Tom Bancroft 0-0: Called Strike
0-1: Foul Ball, location: 2F
0-2: Ball
1-2: Strikes out swinging
Batting: LHB Rich Watkins 0-0: Foul Ball, location: 2F
0-1: Ball
1-1: Ball
2-1: Called Strike
2-2: Foul Ball, location: 2F
2-2: Strikes out looking
Batting: RHB Silverberry Mouhon 0-0: Ball
1-0: Foul Ball, location: 2F
1-1: Ball
2-1: Called Strike
2-2: Foul Ball, location: 2F
2-2: Ball
3-2: Base on Balls
Kamakakoa Kaponianani scores
Alfonso Torres to third
Ramón Robles to second
Batting: LHB Tomás Muinos 0-0: Ball
1-0: Ball
2-0: Ground out 4-3 (Groundball, 34)
Top of the 4th over - 1 run, 3 hits, 0 errors, 3 left on base; Mt. Vernon 5 - Hogsmeade 3
BOTTOM OF THE 4TH
Hogsmeade Cauldrons batting - Pitching for Mt. Vernon Bulls : RHP Sam White
Batting: RHB Conor Gallon 0-0: Swinging Strike
0-1: Fly out, F6 (Popup, 6MS)
Batting: RHB Jimmy Robinson 0-0: Foul Ball, location: 2F
0-1: Ball
1-1: Ball
2-1: Swinging Strike
2-2: Strikes out swinging
Batting: RHB Héctor Dávila 0-0: Ball
1-0: Swinging Strike
1-1: Ball
2-1: Swinging Strike
2-2: Ball
3-2: Strikes out swinging
Bottom of the 4th over - 0 runs, 0 hits, 0 errors, 0 left on base; Mt. Vernon 5 - Hogsmeade 3
TOP OF THE 5TH
Mt. Vernon Bulls batting - Pitching for Hogsmeade Cauldrons : RHP Alfredo Rodríguez
Batting: SHB Zak Martin 0-0: Ball
1-0: Foul Ball, location: 2F
1-1: Ball
2-1: Ball
3-1: Base on Balls
Batting: RHB Bailey Gribbins 0-0: Ball
1-0: Ball
2-0: Foul Ball, location: 2F
2-1: Ball
3-1: Fly out, F4 (Flyball, 6MD)
Batting: RHB Kamakakoa Kaponianani 0-0: Called Strike
0-1: Ball
1-1: Fly out, F7 (Flyball, 7LMF)
Batting: RHB Alfonso Torres 0-0: Foul Ball, location: 2F
0-1: Ball
1-1: Ball
2-1: Ball
3-1: Foul Ball, location: 2F
3-2: Ground out 6-3 (Groundball, 6)
Top of the 5th over - 0 runs, 0 hits, 0 errors, 1 left on base; Mt. Vernon 5 - Hogsmeade 3
BOTTOM OF THE 5TH
Hogsmeade Cauldrons batting - Pitching for Mt. Vernon Bulls : RHP Sam White
Batting: RHB Pablo Ortíz 0-0: Called Strike
0-1: Foul Ball, location: 2F
0-2: Ball
1-2: Strikes out swinging
Batting: SHB Max Bortenschlager 0-0: Called Strike
0-1: Ball
1-1: Called Strike
1-2: Foul Ball, location: 2F
1-2: Ball
2-2: SINGLE (Flyball, 7LS)
Batting: LHB Bill Gracián 0-0: Called Strike
0-1: Swinging Strike
0-2: Ball
1-2: Grounds into double play, 6-4-3 (Groundball, 6)
Bottom of the 5th over - 0 runs, 1 hit, 0 errors, 0 left on base; Mt. Vernon 5 - Hogsmeade 3
TOP OF THE 6TH
Mt. Vernon Bulls batting - Pitching for Hogsmeade Cauldrons : RHP Alfredo Rodríguez
Batting: RHB Ramón Robles 0-0: Foul Ball, location: 2F
0-1: TRIPLE (Flyball, 8LXD)
Batting: RHB Tom Bancroft 0-0: Fly out, F7 (Flyball, 7S)
Batting: LHB Rich Watkins 0-0: Intentional Walk
Batting: RHB Silverberry Mouhon 0-0: Ball
Rich Watkins steals 2nd base
1-0: Ball
2-0: Called Strike
2-1: 3-RUN HOME RUN (Flyball, 7LD), Distance : 355 ft
Pitching: RHP Dominic Raymond
Batting: LHB Tomás Muinos 0-0: Ball
1-0: Ball
2-0: Ball
3-0: Base on Balls
Batting: SHB Zak Martin 0-0: Ball
1-0: Called Strike
1-1: Called Strike
1-2: Ball
2-2: Fly out, F7 (Flyball, 7LMF)
Batting: RHB Bailey Gribbins 0-0: Called Strike
0-1: Ball
1-1: Called Strike
1-2: Strikes out swinging
Top of the 6th over - 3 runs, 2 hits, 0 errors, 1 left on base; Mt. Vernon 8 - Hogsmeade 3
BOTTOM OF THE 6TH
Hogsmeade Cauldrons batting - Pitching for Mt. Vernon Bulls : RHP Sam White
Batting: RHB Luis Tańón 0-0: Fly out, F3 (Line Drive, 34)
Batting: SHB Manny López 0-0: Called Strike
0-1: Ball
1-1: Fly out, F7 (Flyball, 7)
Batting: LHB Ewan Manshert 0-0: Fly out, F8 (Flyball, 8RS)
Bottom of the 6th over - 0 runs, 0 hits, 0 errors, 0 left on base; Mt. Vernon 8 - Hogsmeade 3
TOP OF THE 7TH
Mt. Vernon Bulls batting - Pitching for Hogsmeade Cauldrons : RHP Dominic Raymond
Batting: RHB Kamakakoa Kaponianani 0-0: SINGLE (Groundball, 4MD)
Batting: RHB Alfonso Torres 0-0: Ball
1-0: Ball
2-0: Ball
3-0: Base on Balls
Kamakakoa Kaponianani to second
Batting: RHB Ramón Robles 0-0: Bunted foul
0-1: Bunted foul
0-2: Fielders Choice at 2nd, 4-6 (Groundball, 4)
Kamakakoa Kaponianani to third
Batting: RHB Tom Bancroft 0-0: Grounds into double play, 4-6-3 (Groundball, 4)
Top of the 7th over - 0 runs, 1 hit, 0 errors, 1 left on base; Mt. Vernon 8 - Hogsmeade 3
BOTTOM OF THE 7TH
Hogsmeade Cauldrons batting - Pitching for Mt. Vernon Bulls : RHP Sam White
Now at SS: Tong-sik Im
Batting: RHB Conor Gallon 0-0: Foul Ball, location: 2F
0-1: Swinging Strike
0-2: Foul Ball, location: 2F
0-2: Ball
1-2: SINGLE (Groundball, 56D)
Batting: RHB Jimmy Robinson 0-0: Called Strike
0-1: Foul Ball, location: 2F
0-2: Foul Ball, location: 2F
0-2: Ball
1-2: Ball
2-2: Fly out, F7 (Line Drive, 7)
Pitching: LHP Andrew Valdés
Batting: RHB Héctor Dávila 0-0: Ball
1-0: Foul Ball, location: 2F
1-1: Ball
2-1: Grounds into double play, 6-4-3 (Groundball, 6)
Bottom of the 7th over - 0 runs, 1 hit, 0 errors, 0 left on base; Mt. Vernon 8 - Hogsmeade 3
TOP OF THE 8TH
Mt. Vernon Bulls batting - Pitching for Hogsmeade Cauldrons : RHP Dominic Raymond
Batting: LHB Rich Watkins 0-0: Called Strike
0-1: Foul Ball, location: 2F
0-2: Foul Ball, location: 2F
0-2: Strikes out looking
Batting: RHB Silverberry Mouhon 0-0: Called Strike
0-1: Ball
1-1: Foul Ball, location: 2F
1-2: Strikes out swinging
Batting: LHB Tomás Muinos 0-0: Called Strike
0-1: Fly out, F8 (Flyball, 8LM)
Top of the 8th over - 0 runs, 0 hits, 0 errors, 0 left on base; Mt. Vernon 8 - Hogsmeade 3
BOTTOM OF THE 8TH
Hogsmeade Cauldrons batting - Pitching for Mt. Vernon Bulls : LHP Andrew Valdés
Now at C: Modesto González
Now at 3B: Pablo Miranda
Batting: RHB Pablo Ortíz 0-0: Swinging Strike
0-1: Ball
1-1: Ball
2-1: Ball
3-1: Reached on error, E5 (Groundball, 5S)
Batting: SHB Max Bortenschlager 0-0: Called Strike
0-1: Fly out, F9 (Flyball, 89D)
Runner from 2nd tags up, SAFE at 3rd, no throw
Batting: LHB Bill Gracián 0-0: Ball
1-0: SINGLE (Groundball, 3D)
Pablo Ortíz scores
Batting: RHB Luis Tańón 0-0: SINGLE (Groundball, 6MD)
Bill Gracián to second
Batting: SHB Manny López 0-0: Grounds into double play, 5-4-3 (Groundball, 56)
Bottom of the 8th over - 1 run, 2 hits, 1 error, 1 left on base; Mt. Vernon 8 - Hogsmeade 4
TOP OF THE 9TH
Mt. Vernon Bulls batting - Pitching for Hogsmeade Cauldrons : RHP Dominic Raymond
Pitching: RHP David Aguilar
Batting: RHB Modesto González 0-0: SINGLE (Line Drive, 6)
Batting: RHB Bailey Gribbins 0-0: Swinging Strike
0-1: Ball
1-1: DOUBLE (Line Drive, 9LM)
Modesto González to third
Batting: RHB Kamakakoa Kaponianani 0-0: Swinging Strike
0-1: Ball
1-1: Swinging Strike
1-2: Foul Ball, location: 2F
1-2: Strikes out swinging
Batting: RHB Alfonso Torres 0-0: Called Strike
0-1: Swinging Strike
0-2: Strikes out looking
Batting: RHB Ramón Robles 0-0: Ball
1-0: Ball
2-0: Swinging Strike
2-1: SINGLE (Groundball, 4MD)
Modesto González scores
Bailey Gribbins to third
Runner from 3rd tries for Home, SAFE, no throw
Batting: RHB Tong-sik Im 0-0: Called Strike
0-1: Ground out 5-3 (Groundball, 56)
Top of the 9th over - 2 runs, 3 hits, 0 errors, 1 left on base; Mt. Vernon 10 - Hogsmeade 4
BOTTOM OF THE 9TH
Hogsmeade Cauldrons batting - Pitching for Mt. Vernon Bulls : LHP Andrew Valdés
Batting: LHB Ewan Manshert 0-0: Called Strike
0-1: Foul Ball, location: 2F
0-2: Foul Ball, location: 2F
0-2: Strikes out swinging
Batting: RHB Conor Gallon 0-0: Foul Ball, location: 2F
0-1: Ball
1-1: Ball
2-1: DOUBLE (Line Drive, 7LD)
Batting: RHB Jimmy Robinson 0-0: Swinging Strike
0-1: Ball
1-1: Called Strike
1-2: Fly out, F8 (Flyball, 8LD)
Batting: RHB Héctor Dávila 0-0: Called Strike
0-1: Foul Ball, location: 2F
0-2: Ball
1-2: Ball
2-2: Strikes out swinging
Bottom of the 9th over - 0 runs, 1 hit, 0 errors, 1 left on base; Mt. Vernon 10 - Hogsmeade 4
Saturday, December 22nd, 2018 - OOTP Baseball 18.8 Build 76